 Dungeon Crawl Stone Soup version 0.20.1-1-g8b1a95d (webtiles) character file.

43 Peloso the Shield-Bearer (level 3, 0/34 HPs)
             Began as a Deep Dwarf Fighter on Aug 15, 2017.
             Slain by a worm (1 damage)
             ... on level 2 of the Dungeon.
             The game lasted 00:01:57 (841 turns).

Peloso the Shield-Bearer (Deep Dwarf Fighter)        Turns: 841, Time: 00:01:58

Health: 0/34       AC:  7    Str: 24    XL:     3   Next: 37%
Magic:  3/3        EV:  7    Int:  8    God:
Gold:   68         SH: 10    Dex: 12    Spells: 2/2 levels left

rFire    . . .     SeeInvis .   a - +0 long sword
rCold    . . .     Gourm    .   c - +0 shield
rNeg     . . .     Faith    .   b - +0 scale mail
rPois    .         Spirit   .   (no helmet)
rElec    .         Reflect  .   (no cloak)
rCorr    .         Harm     .   (no gloves)
MR       .....                  (no boots)
Stlth    ..........             (no amulet)
Regen    0.0/turn               m - +4 ring of strength
MPRegen  0.1/turn               (no ring)

@: non-regenerating
A: damage resistance, heal wounds, sense surroundings 1, no regeneration
a: Heal Wounds


You were on level 2 of the Dungeon.
You were not hungry.

You visited 1 branch of the dungeon, and saw 2 of its levels.

You collected 68 gold pieces.

Inventory:

Hand Weapons
 a - a +0 long sword (weapon)
Armour
 b - a +0 scale mail (worn)
 c - a +0 shield (worn)
Jewellery
 m - a +4 ring of strength (left hand)
 n - an uncursed ring of protection from cold {unknown}
Scrolls
 e - a scroll of identify {unknown}
 g - a scroll of remove curse {unknown}
 h - a scroll of amnesia {unknown}
 k - a scroll of random uselessness {unknown}
Potions
 d - a potion of might
 i - 2 potions of resistance {unknown}
 j - 2 potions of heal wounds {unknown}
 l - a potion of brilliance {unknown}
 q - a potion of haste {unknown}
Comestibles
 f - 2 bread rations
 o - a meat ration
 p - a chunk of flesh
 r - 4 fruits


   Skills:
 + Level 3.0 Fighting
 + Level 2.4 Long Blades
 + Level 3.7 Armour
 + Level 4.0 Shields


You had 2 spell levels left.
You didn't know any spells.

Dungeon Overview and Level Annotations

Branches:
Dungeon (2/15)

Altars:
Fedhas
Uskayaw


Innate Abilities, Weirdness & Mutations

You are resistant to damage.
You can heal yourself by infusing magical energy.
You passively map a small area around you.
You do not regenerate.


Message History

The jackal bites you but does no damage.
Your shield and scale mail prevent you from hitting the worm.
The worm is heavily wounded.
The jackal bites you but does no damage.
You block the jackal's attack.
You hit the worm.
The worm is severely wounded.
You block the jackal's attack. The worm bites you.
* * * LOW HITPOINT WARNING * * *
The jackal bites you.
Your shield prevents you from hitting the worm.
The worm is heavily wounded.
The jackal bites you but does no damage.
The rat bites you but does no damage. The worm bites you but does no damage.
The jackal bites you but does no damage.
You fail to use your ability.
The rat bites you but does no damage. The jackal bites you.
* * * LOW HITPOINT WARNING * * *
The worm bites you.
You die...

#...## #.###.#.##*
** ##.## #.......#
* ..#.# ####...##
* ##.## #...# ####
* ###†.# ,* # *
**#_#..# # *
*.#.#.8..# ** # ,,
........####### #
, ..........r@...#
# #.#.#.8...hw...#
, , # * #
#_#8#............
####
#*###..#####.##.#,
#).#* *,..... *.#*
#, , #..#*, ......
# , #..# #.#.... *
* #..#* ...... , *
, (..# * ,


You could see a worm, a jackal and a rat.

Vanquished Creatures
  An adder (D:2)
  2 worms (D:2)
  2 giant cockroaches
  4 goblins
  3 hobgoblins
  5 jackals (D:2)
  2 kobolds
  4 bats
  2 frilled lizards
  A rat (D:1)
26 creatures vanquished.

Notes
Turn   | Place    | Note
-------+----------+-------------------------------------------
     0 | D:1      | Peloso the Deep Dwarf Fighter began the quest for the Orb.
     0 | D:1      | Reached XP level 1. HP: 20/20 MP: 1/1
   379 | D:1      | Reached XP level 2. HP: 27/27 MP: 2/2
   715 | D:2      | Reached XP level 3. HP: 16/34 MP: 3/3
   812 | D:2      | Found a blossoming altar of Fedhas.
   814 | D:2      | Found a hide-covered altar of Uskayaw.
   834 | D:2      | Reached skill level 4 in Shields
   841 | D:2      | HP: 1/34 [jackal (2)]
   841 | D:2      | Slain by a worm

Skill      XL: |  1  2  3 |
---------------+----------+-----
Fighting       | 3 |  3.0
Shields        | 4 |  4.0
Long Blades    | |  2.4
Armour         | |  3.7

Action                   || total
-------------------------++-------
Melee: Long sword        ||   112
Armor: Scale mail        ||    59
Dodge: Dodged            ||    39
Block: Shield            ||    92
       Rpst.: Long sword ||    13
